AoeStats
← 安心

Arena

510546642Analyzed
4v4 RM · 20h ago on Oct 1, 2026· 42m 23s· 8 players
Game mode
Random Map
Map size
Large (8 player)
Population
200
Speed
Normal
Resources
Standard
Victory
Conquest
Starting age
Dark Age
Ending age
Imperial Age
RankedLock teamsTeams togetherTeam positionsShared explorationLock speedFull tech treeHidden civsTurbo modeCheats
Victory
Defeat
🇨🇳 Mongols · China
1555
+9
🇯🇵 Persians · Japan
1539
+10
🇨🇳 Italians · China
1490
+12
🇨🇳 Khmer · China
1483
+13
🇨🇳 Franks · China
1426
-12
🇨🇳 Ethiopians · China
1406
-11
🇹🇷 Berbers · Türkiye
1394
-11
🇬🇧 Bohemians · United Kingdom
1363
-10
安心
11:31 Feudal Age
16:10 Castle Age
20:19 Imperial Age
17:39 Double-Bit Axe
18:21 Gold Mining
19:51 Ballistics
20:35 Bow Saw
20:36 Fletching
21:59 Horse Collar
24:48 Chemistry
25:43 Bodkin Arrow
27:34 Padded Archer Armor
28:38 Bracer
29:50 Loom
31:08 Leather Archer Armor
34:43 Elite Genoese Crossbowman
41:55 Masonry
42:42 Thumb Ring
happikon.6139
10:18 Feudal Age
13:57 Castle Age
12:00 Double-Bit Axe
12:29 Horse Collar
14:49 Bow Saw
15:40 Bow Saw
20:02 Wheelbarrow
20:04 Stone Mining
21:49 Heavy Plow
22:25 Gold Mining
22:52 Loom
23:52 Stone Shaft Mining
25:15 Hand Cart
27:39 Imperial Age
25:55 Scale Barding Armor
26:03 Forging
26:41 Stone Shaft Mining
27:52 Chain Barding Armor
28:08 Iron Casting
27:27 Town Watch
27:33 Elite War Elephant
29:14 Plate Barding Armor
28:41 Town Watch
30:00 Blast Furnace
29:38 Crop Rotation
29:45 Devotion
30:14 Fletching
33:52 Masonry
33:57 Caravan
36:05 Chemistry
36:13 Citadels
38:00 Conscription
38:07 Conscription
42:03 Coinage
月月
8:27 Feudal Age
9:16 Feudal Age
12:53 Castle Age
11:02 Double-Bit Axe
11:32 Horse Collar
13:52 Bow Saw
19:01 Loom
20:18 Wheelbarrow
21:36 Hand Cart
22:33 Stone Mining
22:40 Gold Mining
23:06 Heavy Plow
22:53 Town Watch
25:36 Stone Shaft Mining
26:33 Gold Shaft Mining
30:37 Imperial Age
28:50 Fletching
29:00 Padded Archer Armor
29:48 Ballistics
29:39 Masonry
29:57 Bloodlines
29:48 Husbandry
30:46 Thumb Ring
30:48 Bodkin Arrow
31:09 Leather Archer Armor
31:47 Conscription
32:35 Chemistry
32:13 Bracer
32:21 Elite Mangudai
34:01 Parthian Tactics
34:36 Siege Engineers
34:38 Scale Barding Armor
34:44 Forging
35:08 Light Cavalry
36:11 Chain Barding Armor
36:33 Drill
36:15 Nomads
35:50 Hussar
38:01 Iron Casting
41:16 Coinage
41:31 Hoardings
42:35 Blast Furnace
向阳花
10:55 Feudal Age
13:35 Castle Age
11:24 Double-Bit Axe
12:04 Horse Collar
14:50 Bow Saw
14:44 Heavy Plow
22:04 Wheelbarrow
22:37 Gold Mining
23:04 Hand Cart
24:17 Gold Shaft Mining
28:06 Imperial Age
27:13 Ballistics
27:23 Tusk Swords
28:30 Heavy Scorpion
29:30 Siege Engineers
30:27 Chemistry
29:17 Light Cavalry
30:11 Bloodlines
30:01 Husbandry
30:17 Hussar
33:16 Scale Barding Armor
33:21 Forging
33:35 Conscription
33:18 Double Crossbow
34:44 Chain Barding Armor
35:11 Loom
36:27 Plate Barding Armor
36:28 Iron Casting
39:03 Conscription
41:56 Caravan
XHK
9:54 Feudal Age
13:36 Castle Age
11:39 Double-Bit Axe
23:11 Wheelbarrow
23:16 Bow Saw
24:57 Gold Mining
25:25 Hand Cart
28:03 Imperial Age
25:28 Loom
25:29 Town Watch
26:25 Scale Barding Armor
27:17 Gold Shaft Mining
26:34 Stone Mining
28:06 Chain Barding Armor
27:50 Husbandry
29:23 Plate Barding Armor
28:30 Cavalier
29:29 Forging
30:18 Chivalry
30:38 Conscription
30:02 Paladin
31:39 Iron Casting
33:20 Blast Furnace
35:12 Light Cavalry
40:22 Coinage
39:44 Fletching
40:57 Chemistry
rizz
9:37 Feudal Age
14:53 Castle Age
13:48 Double-Bit Axe
13:45 Horse Collar
18:26 Loom
22:49 Wheelbarrow
28:02 Imperial Age
24:57 Pikeman
25:37 Squires
25:42 Scale Mail Armor
25:13 Crossbowman
26:17 Heavy Plow
26:29 Bow Saw
27:24 Chemistry
26:56 Chain Mail Armor
26:37 Town Watch
27:52 Hand Cart
27:39 Fletching
29:55 Padded Archer Armor
31:39 Leather Archer Armor
32:06 Halberdier
35:58 Houfnice
37:00 Fortified Wall
36:57 Siege Engineers
37:38 Plate Mail Armor
37:18 Forging
42:46 Two-Man Saw
reckem3
10:18 Feudal Age
14:27 Castle Age
13:46 Double-Bit Axe
14:04 Horse Collar
21:55 Fervor
24:18 Wheelbarrow
27:06 Imperial Age
24:42 Treadmill Crane
25:00 Fletching
25:15 Heavy Plow
25:26 Bow Saw
25:07 Gold Mining
26:25 Bodkin Arrow
26:57 Ballistics
26:48 Stone Mining
28:53 Thumb Ring
29:38 Crop Rotation
29:28 Bloodlines
29:20 Husbandry
29:41 Bracer
30:05 Redemption
30:49 Hand Cart
30:20 Town Watch
31:02 Conscription
31:42 Kasbah
31:43 Maghrebi Camels
31:45 Elite Camel Archer
33:24 Padded Archer Armor
34:45 Leather Archer Armor
34:07 Elite Genitour
34:51 Town Patrol
菜菜
10:45 Feudal Age
11:45 Double-Bit Axe
14:37 Castle Age
12:48 Double-Bit Axe
13:25 Horse Collar
15:47 Bow Saw
15:38 Loom
21:59 Wheelbarrow
21:40 Heavy Plow
23:02 Gold Mining
23:49 Loom
27:06 Imperial Age
24:35 Fletching
24:26 Crossbowman
26:06 Gold Shaft Mining
25:54 Bodkin Arrow
27:33 Ballistics
28:04 Hand Cart
27:57 Arbalester
28:37 Stone Mining
29:56 Chemistry
29:07 Masonry
28:45 Elite Skirmisher
30:31 Bracer
31:40 Padded Archer Armor
34:28 Leather Archer Armor
35:53 Two-Man Saw
37:25 Two-Man Saw
38:12 Ring Archer Armor
38:07 Hand Cart
38:05 Thumb Ring
38:29 Thumb Ring
38:49 Scale Mail Armor
40:57 Stone Shaft Mining
42:09 Masonry
41:50 Capped Ram
Connection lost

Rejoining the realm…

Still unreachable

The connection could not be restored.

Session expired

The server has moved on; the page needs a fresh start.